 Dungeon Crawl Stone Soup version 0.17-a0-1202-g2dd280d (webtiles) character file.

70 Kisielow the Vexing (level 4, -3/30 HPs)
             Began as a Vampire Enchanter on June 3, 2015.
             Killed by divine providence
             ... invoked by an orc priest
              (9 damage)
             ... on level 4 of the Dungeon.
             The game lasted 00:09:08 (1691 turns).

Kisielow the Vexing (Vampire Enchanter)             Turns: 1691, Time: 00:09:08

Health: -3/30      AC:  6    Str:  7    XL:     4   Next: 3%
Magic:  1/7        EV: 12    Int: 18    God:
Gold:   104        SH:  0    Dex: 14    Spells: 2 memorised, 4 levels left

rFire  . . .     SeeInvis +     m - +1 dagger
rCold  . . .     Clarity  .     b - +1 robe
rNeg   . . .     SustAt   .     (no shield)
rPois  .         Gourm    .     n - +2 hat
rElec  .         Spirit   .     (no cloak)
rCorr  .         Warding  .     (no gloves)
rMut   .         Stasis   .     a - +0 pair of boots
MR     .....                    (no amulet)
Stlth  +++.......               (no ring)
                                (no ring)

@: regenerating quickly, not resistant to hostile enchantments, fairly stealthy
A: fangs 3, see invisible, unbreathing
a: no special abilities


You were on level 4 of the Dungeon.
You were very full.

You visited 1 branch of the dungeon, and saw 3 of its levels.

You collected 104 gold pieces.

Inventory:

Hand weapons
 m - a +1 dagger (weapon)
Armour
 a - a +0 pair of boots (worn)
 b - a +1 robe (worn)
 n - a +2 hat (worn)
Scrolls
 e - a scroll of amnesia {unknown}
 j - a scroll of identify {unknown}
 k - 3 scrolls of remove curse {unknown}
 o - 2 scrolls of enchant weapon {unknown}
Potions
 d - 2 potions of blood
 f - 2 potions of haste {unknown}
 g - a potion of flight {unknown}
 h - 3 potions of cancellation {unknown}
 i - a potion of magic {unknown}
 l - 2 potions of agility {unknown}
Books
 c - a book of Maledictions

   Spells                             Type                      Level
   a - Corona                         Hexes                        1
   b - Ensorcelled Hibernation        Hexes/Ice                    2
   c - Confuse                        Hexes                        3
   d - Tukima's Dance                 Hexes                        3
   e - Dazzling Spray                 Conjuration/Hexes            3


   Skills:
 - Level 1.1 Short Blades
 - Level 2.1 Dodging
 + Level 5.4 Stealth
 - Level 2.0 Spellcasting
 * Level 6.5 Hexes


You had 4 spell levels left.
You knew the following spells:

 Your Spells              Type           Power        Failure   Level  Hunger
a - Corona                Hex            ####...      1%          1    #......
s - Ensorcelled Hibernat  Hex/Ice        ##....       10%         2    ###....


Dungeon Overview and Level Annotations

Branches:
Dungeon (4/15)
 Temple: D:4-7

Altars:


Innate Abilities, Weirdness & Mutations

Your natural rate of healing is unusually fast.
You have razor-sharp teeth.
You have supernaturally acute eyesight.
You can survive without breathing.


Message History

Aiming: Ensorcelled Hibernation
Press: ? - help, Shift-Dir - straight line, f - orc priest
Aim: an orc priest, wielding a dagger (chance to defeat MR: 44%)
The ooze resists with some effort.
The ooze barely misses you. The orc wizard closely misses you.
Casting: Ensorcelled Hibernation
Confirm with . or Enter, or press ? or * to list all spells.
You don't have enough magic to cast that spell.
The orc wizard misses you.
The orc priest calls down the wrath of Beogh upon you.
Something smites you!
* * * LOW HITPOINT WARNING * * *
You closely miss the orc wizard.
The orc wizard is lightly wounded.
The ooze hits you but does no damage.
The orc wizard casts a spell.
The orc wizard seems to speed up.
The orc priest calls down the wrath of Beogh upon you.
Something smites you!
You die...

......######.#
#.###.# .####.#
#.###.....# .#
.# #.....#####
.# .. ####..#
.# ## #..# .# #
#..###### .#
#.####.........
#....#..#######
#...o.J@#
#.##.##o# ...
.o# ..##ยง####
## #o #o .. ##


You could see an orc priest, an orc wizard, an ooze and an orc.

Vanquished Creatures
  2 adders
  An adder zombie (D:2)
  A ball python (D:2)
  3 giant cockroaches
  5 goblins
  7 hobgoblins
  6 jackals
  3 kobolds
  7 bats
  5 giant newts
  6 rats
46 creatures vanquished.

Notes
Turn   | Place    | Note
--------------------------------------------------------------
     0 | D:1      | Kisielow the Vampire Enchanter began the quest for the Orb.
     0 | D:1      | Reached XP level 1. HP: 13/13 MP: 3/3
   122 | D:1      | Reached skill level 5 in Hexes
   139 | D:1      | Reached XP level 2. HP: 19/19 MP: 5/5
   247 | D:1      | Learned a level 2 spell: Ensorcelled Hibernation
   745 | D:2      | Reached skill level 6 in Hexes
   745 | D:2      | Reached XP level 3. HP: 7/24 MP: 1/6
  1151 | D:2      | Reached skill level 5 in Stealth
  1455 | D:2      | You fall through a shaft for 2 floors!
  1532 | D:4      | Noticed a scorpion
  1680 | D:4      | Reached XP level 4. HP: 30/30 MP: 2/7
  1691 | D:4      | Killed from afar by an orc priest

Vault maps used:
D:1:      tarquinn_simple_flora_water_e, patterned_corridor
D:2:      serial_undead, serial_undead_c, serial_undead_d, serial_undead_e,
          serial_undead_c, minmay_ruptured
D:4:      first_bread

Action                   |  1- 3 |  4- 6 || total
-------------------------+-------+-------++-------
Melee: Dagger            |    88 |     8 ||    96
       Short sword       |    54 |       ||    54
 Cast: Corona            |     4 |       ||     4
       Ensorcelled Hiber |    28 |     1 ||    29
 Stab: Sleeping          |    20 |       ||    20
  Eat: Corpse            |    16 |       ||    16
